 Dungeon Crawl Stone Soup version 0.22.0-49-gab54619 (webtiles) character file.

107 Folque the Ogre Mage (level 4, 0/45 HPs)
             Began as an Ogre Arcane Marksman on Sept 6, 2018.
             Slain by a river rat (7 damage)
             ... on level 3 of the Dungeon.
             The game lasted 00:11:42 (2657 turns).

Folque the Ogre Mage (Ogre Arcane Marksman)         Turns: 2657, Time: 00:11:42

Health: 0/45       AC:  3    Str: 14    XL:     4   Next: 86%
Magic:  1/8        EV: 10    Int: 14    God:
Gold:   202        SH:  0    Dex: 10    Spells: 0/9 levels left

rFire    . . .     SeeInvis .   u - +0 spear
rCold    . . .     Gourm    .   (no shield)
rNeg     . . .     Faith    .   a - +0 robe
rPois    .         Spirit   .   (helmet restricted)
rElec    .         Reflect  .   (no cloak)
rCorr    .         Harm     .   (gloves unavailable)
MR       .....                  (boots unavailable)
Stlth    +.........             (no amulet)
HPRegen  0.15/turn              (no ring)
MPRegen  0.11/turn              (no ring)

@: no status effects
A: large, unfitting armour, tough skin 1
a: no special abilities


You were on level 3 of the Dungeon.
You were near starving.

You visited 1 branch of the dungeon, and saw 3 of its levels.

You collected 202 gold pieces.

Inventory:

Hand Weapons
 e - a +1 hunting sling
 j - a +0 short sword
 m - a +0 falchion
 n - a +0 blowgun
 u - a +0 spear (weapon)
Missiles
 c - a large rock (quivered)
 d - 2 throwing nets
 o - 24 poisoned needles
 r - 18 sling bullets
Armour
 a - a +0 robe (worn)
 i - a +0 pair of gloves
Jewellery
 b - a +4 ring of strength {unknown}
Scrolls
 g - a scroll of teleportation
 p - a scroll of blinking {unknown}
 q - 2 scrolls of magic mapping
 t - 2 scrolls of identify {unknown}
Potions
 k - 2 potions of brilliance {unknown}
 l - a potion of heal wounds {unknown}
 s - 2 potions of lignification {unknown}
Comestibles
 f - 6 rations


   Skills:
 - Level 3.0 Fighting
 - Level 0.5(1.1) Slings
 + Level 2.1(2.2) Throwing
 - Level 1.7 Dodging
 - Level 3.2 Spellcasting
 + Level 3.0 Hexes
 - Level 1.0 Translocations
 * Level 0.4 Fire Magic


You couldn't memorise any spells.
You knew the following spells:

 Your Spells              Type           Power        Failure   Level  Hunger
a - Corona                Hex            ##.....      6%          1    #......
b - Slow                  Hex            ##......     9%          2    ##.....
c - Portal Projectile     Hex/Tloc       #.....       26%         3    ###....
d - Inner Flame           Hex/Fire       #.......     30%         3    ###....

Your spell library contained the following spells:

 Spells                   Type           Power        Failure   Level  Hunger
 Cause Fear               Hex            ##........   52%         4    #####..
 Leda's Liquefaction      Hex/Erth       #.........   73%         4    #####..


Dungeon Overview and Level Annotations

Branches:
Dungeon (3/15)

Altars:
Elyvilon
The Shining One


Innate Abilities, Weirdness & Mutations

You are too large for most types of armour.
You have tough skin. (AC +1)


Message History

The river rat is lightly wounded.
Attack whom?
Press: ? - help, Dir - move target cursor, f/p - river rat
Aim: a river rat (lightly wounded, slow, inner flame)
You reach to attack!
You hit the river rat but do no damage.
The river rat is lightly wounded.
The river rat twitches its whiskers.
Attack whom?
Press: ? - help, Dir - move target cursor, f/p - river rat
Aim: a river rat (lightly wounded, slow, inner flame)
You reach to attack!
You closely miss the river rat.
The river rat is lightly wounded.
You barely miss the river rat.
The river rat is lightly wounded.
You closely miss the river rat.
The river rat is lightly wounded.
The river rat bites you!
* * * LOW HITPOINT WARNING * * *
The river rat bites you!
You die...

**** #.%# #.#.,,.............
,,,* #..# #.#..,......#......
**,****###..# #.#.#+###+#.#......
**,,,,,,....# #...#.# #.#.#.....#
**,***###...###...#.**#......####
**,* #............,,,,......# #
##.####.#...####..#######.##.####
........#........................
##.####.#...####@.#######.##.####
*,* #.#......rr.# #.##.#### *,*
#.#...w....## #.##..<## ***
#.#...####.# #.####### #.#...#
#.# #..,,,,..
#######.#...####.### ###***###
.[w..(.............#
#########.######.### ***
#...,,,..# *,,


You could see a worm and 2 river rats.

Vanquished Creatures
  3 gnolls (D:2)
  2 adders
  2 worms (D:2)
  4 dart slugs
  A leopard gecko (D:2)
  4 giant cockroaches
  3 goblins
  5 hobgoblins
  2 jackals (D:2)
  4 kobolds
  A ball python (D:3)
  6 bats
  2 frilled lizards
  8 rats
47 creatures vanquished.

Notes
Turn   | Place    | Note
-------+----------+-------------------------------------------
     0 | D:1      | Folque the Ogre Arcane Marksman began the quest for the
                  | Orb.
     0 | D:1      | Reached XP level 1. HP: 19/19 MP: 2/2
   394 | D:1      | Reached XP level 2. HP: 28/29 MP: 1/3
   508 | D:1      | Learned a level 2 spell: Slow
   949 | D:2      | Reached XP level 3. HP: 36/37 MP: 1/5
  1030 | D:2      | Learned a level 3 spell: Portal Projectile
  1703 | D:2      | Reached XP level 4. HP: 40/45 MP: 5/8
  1839 | D:2      | Reached skill level 1 in Translocations
  1848 | D:2      | Learned a level 3 spell: Inner Flame
  2474 | D:3      | Found a glowing golden altar of the Shining One.
  2474 | D:3      | Found a white marble altar of Elyvilon.
  2508 | D:3      | Noticed an orc warrior
  2657 | D:3      | Slain by a river rat

Skill      XL: |  1  2  3  4 |
---------------+-------------+-----
Fighting       | 2 3 |  3.0
Hexes          | 3 |  3.0
Spellcasting   | 2 3 |  3.2
Translocations | 1 |  1.0
Slings         | |  0.5
Throwing       | |  2.1
Dodging        | |  1.7
Fire Magic     | |  0.4

Action                   |  1- 3 |  4- 6 || total
-------------------------+-------+-------++-------
Melee: Unarmed           |    42 |       ||    42
       Club              |    34 |       ||    34
       Short sword       |    48 |       ||    48
       Falchion          |    29 |    29 ||    58
       Spear             |       |    35 ||    35
 Fire: Hunting sling     |     3 |       ||     3
Throw: Large rock        |       |     5 ||     5
 Cast: Corona            |    33 |    14 ||    47
       Slow              |     5 |     7 ||    12
       Portal Projectile |       |     1 ||     1
       Inner Flame       |       |     1 ||     1
  Use: Scroll            |       |     3 ||     3
  Eat: Chunk             |     4 |     2 ||     6
Armor: Robe              |    66 |    15 ||    81
Dodge: Dodged            |    92 |    27 ||   119
       Rpst.: Falchion   |     4 |     2 ||     6
